Map: Néo-Gettysburg EC

Players

zidar - Winner!

  • Race: Zerg Zerg
  • League: Platinum
  • Spawn Location: 7:00

Hyakutake

  • Race: Terran Terran
  • League: Gold
  • Spawn Location: 5:00

VOD

Have the link to the VOD?

Description

Time

  • Played on: Nov. 7, 2016, 2:28 p.m.
  • Length: 6:10
Show
View Real Time Build Order
Export as new Build Order

zidar Zerg - Winner!

Build Orders: Hatch First 

Get SALT Encoding   

  12  0:01  Drone  
  13  0:13  Overlord  
  13  0:18  Drone  
  14  0:31  Drone x2  
  16  0:52  Hatchery  
  16  0:55  Drone  
  16  0:59  Extractor  
  16  1:01  Drone  
  16  1:20  Spawning Pool  
  16  1:23  Drone  
  16  1:26  Drone  
  16  1:31  Drone  
  18  1:58  Drone  
  18  1:59  Drone x2  
  20  2:06  Queen x2  
  24  2:11  Overlord  
  24  2:22  Roach Warren  
  23  2:23  Drone  
  24  2:40  Extractor  
  24  2:41  Drone  
  24  2:43  Drone x5  
  29  2:54  Overlord  
  29  2:56  Overlord  
  29  3:10  Roach x2  
  33  3:23  Roach x2  
  33  3:24  Roach  
  39  3:29  Roach  
  39  3:33  Roach  
  43  3:43  Extractor  
  43  3:44  Drone  
  43  3:53  Ravager  
  44  3:57  Drone x4  
  44  4:02  Roach x2  
  52  4:13  Overlord x2  
  52  4:14  Overlord  
  52  4:36  Ravager  
  53  4:43  Roach x9  
  71  5:22  Roach x2  
  71  5:24  Overlord x3  
  71  5:25  Overlord  
  63  6:02  Ravager  
  62  6:03  Ravager  
Show
View Real Time Build Order
Export as new Build Order

Hyakutake Terran 

Build Orders:  

Get SALT Encoding   

  12  0:00  SCV  
  13  0:13  SCV  
  14  0:19  Supply Depot  
  14  0:25  SCV  
  15  0:40  SCV  
  15  0:41  Barracks  
  16  0:52  SCV  
  16  0:55  Refinery  
  17  1:08  SCV  
  18  1:20  SCV  
  19  1:32  SCV  
  20  1:34  Marine  
  21  1:42  Barracks  
  21  1:43  Refinery  
  21  1:52  Marine  
  22  2:03  Barracks  
  22  2:10  Command Center  
  22  2:15  SCV  
  23  2:26  Barracks Reactor  
  23  2:39  Orbital Command  
  23  2:42  Supply Depot  
  23  2:46  Barracks Tech Lab  
  23  2:50  Barracks Tech Lab  
  23  3:00  Factory  
  23  3:04  Marine  
  24  3:11  Marauder  
  26  3:14  SCV  
  27  3:26  SCV  
  28  3:27  Orbital Command  
  28  3:38  SCV  
  28  3:39  Marauder  
  28  3:40  Marauder  
  33  3:45  Factory Reactor  
  33  3:52  Starport  
  33  3:57  SCV x2  
  35  4:05  Marauder  
  35  4:09  SCV x2, Stimpack  
  39  4:21  SCV x2  
  39  4:22  Concussive Shells  
  41  4:25  Hellion x2  
  41  4:29  Engineering Bay  
  45  4:32  Starport Reactor  
  45  4:34  Marine  
  46  4:44  Supply Depot  
  46  4:48  Armory  
  46  5:05  Supply Depot  
  46  5:06  Marine x2, Marauder x2, SCV x2  
  54  5:07  Supply Depot  
  54  5:26  Marine x2  
  54  5:27  Hellion x2, Medivac  
  62  5:28  Marine x2  
  64  5:35  Supply Depot  
  64  5:39  Supply Depot  
  64  5:44  Marine, Supply Depot  
  64  5:48  Hellion x2  
Tags
 
Add a new tag
Caveats
  • Supply blocks, unpowered buildings, or Contaminate may cause inaccurate times.
  • Supply counts are checked every 10 seconds.